 Dungeon Crawl Stone Soup version 0.26.0-41-g79a4fc7684 (webtiles) character file.

Game seed: 8821545935329645505

125 kaeus the Sneak (level 5, -7/35 HPs)
             Began as an Octopode Brigand on Jan 27, 2021.
             Killed from afar by Sigmund (10 damage)
             ... with a puff of flame
             ... on level 3 of the Dungeon.
             The game lasted 00:03:53 (2317 turns).

kaeus the Sneak (Octopode Brigand)                  Turns: 2317, Time: 00:03:54

Health: -7/35      AC:  1    Str: 10    XL:     5   Next: 9%
Magic:  5/5        EV: 17    Int: 14    God:
Gold:   124        SH:  0    Dex: 14    Spells: 4/4 levels left

rFire    . . .     SeeInvis .   a - +2 dagger
rCold    . . .     Faith    .   (no shield)
rNeg     . . .     Spirit   .   (helmet restricted)
rPois    .         Reflect  .   (no amulet)
rElec    .         Harm     .   d - +4 ring of evasion
rCorr    .         Rampage  .   l - ring of stealth
Will     .....                  (no ring)
Stlth    +++++.....             (no ring)
HPRegen  0.11/turn              (no ring)
MPRegen  0.09/turn              (no ring)
                                (no ring)
                                (no ring)

@: mighty
A: almost no armour, stealthy swim, amphibious, 8 rings, constrict 8, camouflage
1, gelatinous body 1
a: no special abilities


You were on level 3 of the Dungeon.
You visited 1 branch of the dungeon, and saw 3 of its levels.

You collected 124 gold pieces.

Inventory:

Hand Weapons
 a - a +2 dagger (weapon)
Missiles
 b - 6 poisoned darts (quivered)
Jewellery
 d - a +4 ring of evasion (left tentacle)
 l - a ring of stealth (right tentacle)
Wands
 r - a wand of random effects (6)
Scrolls
 h - a scroll of fog {unknown}
 j - 2 scrolls of identify
 k - a scroll of immolation
 p - a scroll of amnesia
Potions
 e - a potion of might
 f - a potion of heal wounds {unknown}
 g - a potion of invisibility {unknown}
 i - a potion of lignification {unknown}
 m - a potion of resistance {unknown}
 n - a potion of flight {unknown}
 o - 4 potions of curing {unknown}


   Skills:
 + Level 2.6 Fighting
 + Level 2.7 Short Blades
 + Level 2.7 Throwing
 + Level 2.0 Dodging
 * Level 6.7 Stealth


You had 4 spell levels left.
You didn't know any spells.
Your spell library contained the following spells:

 Spells                   Type           Power        Failure   Level
 Apportation              Tloc           0%           28%         1


Dungeon Overview and Level Annotations

Branches:
Dungeon (3/15)

Altars:
Sif Muna
Trog

Annotations:
D:3 Sigmund


Innate Abilities, Weirdness & Mutations

You cannot wear most types of armour.
You are very stealthy in the water. (Stealth+)
You are amphibious.
You can wear up to eight rings at the same time.
You can use your tentacles to constrict eight enemies at once.
Your skin changes colour to match your surroundings (Stealth+).
Your rubbery body absorbs attacks. (AC +1, EV +1)


Message History

You completely miss something. Something barely misses you.
You hit something but do no damage. The orc hits you with a +0 mace.
The hobgoblin barely misses you.
You take 5 damage, and have 15/35 hp.
You miss something. Your squeeze misses something.
You hear some strange, mumbled words.
A puff of flame appears from out of thin air!
The puff of flame hits you!
* * * LOW HITPOINT WARNING * * *
The orc hits you with a +0 mace.
* * * LOW HITPOINT WARNING * * *
The hobgoblin hits you with a +0 club.
* * * LOW HITPOINT WARNING * * *
You take 12 damage, and have 3/35 hp.
MASSIVE DAMAGE!!
It was a potion of might.
You feel very mighty all of a sudden.
You hear some strange, mumbled words.
A puff of flame appears from out of thin air!
The puff of flame hits you!
You die...

* *,**,,,,,*,***,***,***##...##,
****,,,,,,,,#,* *,* *,,*,,*####*,
,,,,,,,,,,*##.***,* **,,,** #.#*,
*****,**,###..,**,** ***** #.#**
* *,**,,.....,,,,* #.# * *
*,**,**#...#,*,## #.### * *>**,*
*#..[###.# ####...# *****,**,*
#..#o#.#######.......
,,,,,,,,,***#..{@†...........##.#
,*,,,,,,,......g##..#.####.#.##.#
*,,**,*,,####..#,#..#.# #.#.##..
**,**,,,,,,...#*#...#.# #.#.##..
*,****,,.....,#.(..#.#**#.#.##..
**,****,,####,..###.#..,,..#.##.†
*,**,,,,,,,,,...* #.###*####.##).
>***,**,,****.#,**#.#***#...>....
,,,,,**,,,,,..,,,,,.S.....######.


You could see an orc and a hobgoblin.

Vanquished Creatures
  Jessica (D:2)
  Terence (D:2)
  An adder (D:2)
  2 worms (D:2)
  A dart slug (D:2)
  A leopard gecko (D:1)
  8 bats
  11 hobgoblins
  4 jackals (D:2)
  3 kobolds
  A quokka (D:2)
  8 frilled lizards
  6 goblins (D:1)
  5 rats
53 creatures vanquished.

Notes
Turn   | Place    | Note
-------+----------+-------------------------------------------
     0 | D:1      | kaeus the Octopode Brigand began the quest for the Orb.
     0 | D:1      | Reached XP level 1. HP: 14/14 MP: 1/1
   342 | D:1      | Reached XP level 2. HP: 19/19 MP: 2/2
  1052 | D:1      | Reached XP level 3. HP: 24/24 MP: 3/3
  1498 | D:2      | Reached skill level 6 in Stealth
  1630 | D:2      | Noticed Jessica
  1636 | D:2      | Killed Jessica
  1637 | D:2      | Reached XP level 4. HP: 30/30 MP: 4/4
  1637 | D:2      | Found a shimmering blue altar of Sif Muna.
  1646 | D:2      | Identified Sif Muna's Grimoire of Displacement
  1652 | D:2      | Found a bloodstained altar of Trog.
  1652 | D:2      | Noticed Terence
  1660 | D:2      | Killed Terence
  2096 | D:2      | Reached XP level 5. HP: 35/35 MP: 5/5
  2302 | D:3      | Noticed Sigmund
  2317 | D:3      | Killed from afar by Sigmund

Illustrated notes

Levels and vault maps discovered:
D:1:      lightli_arrival_noodles, layout_basic
D:2:      layout_loops_ring, nzn_overflow_gifts_of_might_and_magic
D:3:      layout_loops_ring, gup_sewer_entry_bubbles, grunt_ministairs_4,
          uniq_robin, uniq_terence, uniq_natasha, uniq_sigmund

Skill      XL: |  1  2  3  4  5 |
---------------+----------------+-----
Stealth        | 6 |  6.7
Dodging        | 2 |  2.0
Fighting       | |  2.6
Short Blades   | |  2.7
Throwing       | |  2.7

Action                   |  1- 3 |  4- 6 || total
-------------------------+-------+-------++-------
Melee: Dagger            |    30 |    27 ||    57
       Constrict         |     9 |     5 ||    14
       Tentacles         |     5 |     3 ||     8
Throw: Dart              |   120 |    47 ||   167
  Use: Scroll            |       |     6 ||     6
       Potion            |       |     1 ||     1
 Stab: Distracted        |       |     1 ||     1
Armor: Skin              |     1 |     2 ||     3
Dodge: Dodged            |    10 |    16 ||    26
